 Dungeon Crawl Stone Soup version 0.31-a0-986-g5e6e4ef867 (webtiles) character file.

Game seed: 8697696869981038784

936 serber55 the Firebug (level 8, -2/52 HPs)
             Began as an Octopode Fire Elementalist on Nov 17, 2023.
             Was an Initiate of Gozag.
             Engulfed by a cloud of flame (23 damage)
             ... on level 6 of the Dungeon.
             The game lasted 00:31:40 (5837 turns).

serber55 the Firebug (Octopode Fire Elementalist)   Turns: 5837, Time: 00:31:42

Health: -2/52      AC:  1    Str:  9    XL:     8   Next: 12%
Magic:  4/13       EV: 14    Int: 18    God:    Gozag
Gold:   964        SH:  0    Dex: 12    Spells: 1/14 levels left

rFire   . . .        v - +1 falchion (venom)
rCold   . . .        (no shield)
rNeg    . . .        (helmet restricted)
rPois   .            (no amulet)
rElec   .            (no ring)
rCorr   .            (no ring)
SInv    .            (no ring)
Will    .....        (no ring)
Stlth   +++          (no ring)
HPRegen 0.28/turn    (no ring)
MPRegen 0.13/turn    (no ring)
                     (no ring)

%: no passive effects
@: gold aura
A: almost no armour, amphibious, 8 rings, camouflage 1, gelatinous body 1,
(nimble swimmer 1), tentacles
a: Renounce Religion, Potion Petition, Call Merchant, Bribe Branch


You were on level 6 of the Dungeon.
You worshipped Gozag.
Gozag was pleased with you.
You visited 2 branches of the dungeon, and saw 7 of its levels.

You collected 1218 gold pieces.
You spent 148 gold pieces at shops.
You paid 106 gold pieces to Gozag.

Inventory:

Hand Weapons
 b - a +0 dagger
 d - a +4 flail
 v - a +1 falchion of venom (weapon)
Missiles
 g - 5 poisoned darts (quivered)
Jewellery
 i - a ring of flight
 o - an amulet of faith
 r - an amulet of guardian spirit
Wands
 h - a wand of iceblast (9)
 q - a wand of paralysis (11)
Scrolls
 e - a scroll of immolation
 f - a scroll of poison
 j - 2 scrolls of enchant armour
 l - 3 scrolls of noise
 m - a scroll of enchant weapon
 w - a scroll of torment {unknown}
 x - a scroll of vulnerability {unknown}
Potions
 a - 2 potions of magic
 c - a potion of might {unknown}
 k - 2 potions of degeneration {unknown}
 n - a potion of haste


   Skills:
 + Level 3.4 Fighting
 + Level 4.1 Dodging
 - Level 2.6 Stealth
 + Level 3.7 Spellcasting
 + Level 3.5 Conjurations
 * Level 6.1 Fire Magic


You had one spell level left.
You knew the following spells:

 Your Spells              Type           Power      Damage    Failure   Level
a - Foxfire               Conj/Fire      80%        2x1d8     2%          1
b - Scorch                Fire           50%        2d7       1%          2
c - Volatile Blastmotes   Fire/Tloc      28%        2d12      13%         3
d - Flame Wave            Conj/Fire      20%        2d7       22%         4
e - Inner Flame           Hex/Fire       14%        N/A       13%         3

Your spell library contained the following spells:

 Spells                   Type           Power      Damage    Failure   Level
 Apportation              Tloc           6%         N/A       16%         1
 Necrotise                Necr           12%        1d4       16%         1
 Slow                     Hex            12%        N/A       16%         1
 Summon Small Mammal      Summ           12%        N/A       16%         1
 Ignite Poison            Fire/Tmut/Pois 10%        N/A       21%         3
 Sticky Flame             Conj/Fire      20%        2d4       22%         4
 Confusing Touch          Hex            3%         N/A       41%         3
 Sigil of Binding         Hex            3%         N/A       41%         3
 Vampiric Draining        Necr           3%         2d6       41%         3
 Ignition                 Fire           12%        3d6       100%        8


Dungeon Overview and Level Annotations

Branches:
Dungeon (6/15)             Temple (1/1) D:5

Altars:
Dithmenos
Gozag
Hepliaklqana
Kikubaaqudgha
Makhleb
Nemelex Xobeh
Okawaru
Ru
Sif Muna
Trog
Vehumet
Wu Jian
Xom
Yredelemnul

Shops:
D:4 (


Innate Abilities, Weirdness & Mutations

You cannot wear most types of armour.
You are amphibious.
You can wear up to eight rings at the same time.
Your skin changes colour to match your surroundings (Stealth+).
Your rubbery body absorbs attacks. (AC +1, EV +1)
((You are camouflaged when in or above water. (Stealth+)))
You have tentacles for arms and can constrict up to eight enemies at once.


Message History

Magic restored.
You now have 964 gold pieces (gained 6).
Found a leather armour.
You open the door.
There is an open door here.
A kobold brigand comes into view.
It is wielding a +0 club and quivering curare-tipped darts. 3 kobolds come into view.
Casting: Scorch (safe; 1% risk of failure)
Confirm with . or Enter, or press ? or * to list all spells.
Aiming: Inner Flame (dangerous; 13% risk of failure)
Press: ? - help, Dir - move target, f - kobold brigand
Aim: a kobold brigand, wielding a +0 club and quivering curare-tipped darts (chance to affect: 67%)
The kobold brigand is filled with an inner flame.
The kobold shouts!
A kobold comes into view. It is wielding a +0 dagger.
Casting: Inner Flame (dangerous; 13% risk of failure)
Confirm with . or Enter, or press ? or * to list all spells.
Flames lash the kobold brigand.
Flame seeps out of the kobold brigand.
The kobold brigand is moderately wounded.
The kobold brigand's fire resistance burns away.
The kobold shouts! x2; You hear a shout! x2
A kobold comes into view. It is wielding a +0 whip.
A kobold comes into view. It is wielding a +0 short sword.
The kobold brigand is engulfed in blazing flames.
Flame seeps out of the kobold brigand.
Casting: Scorch (safe; 1% risk of failure)
Confirm with . or Enter, or press ? or * to list all spells.
Flames lash the kobold.
The kobold is heavily wounded.
The kobold's fire resistance burns away.
The kobold shouts!
Casting: Scorch (safe; 1% risk of failure)
Confirm with . or Enter, or press ? or * to list all spells.
Flames lash the kobold brigand.
The kobold brigand is burned terribly!
The kobold brigand explodes!
The fiery explosion engulfs you!!
Ouch! That really hurt!
You are engulfed in blazing flames.
You die...
Your body crumbles into a pile of gold.

##########
#........############
#........#.....$....#
#........'.......$..#
#........#..........#
#........#......@.§.#
##....[..########§§.#
#.......# §§.#
#.......# .°.#
#.......# K..#
#.......# K..#
#.......# .K.#
##.......# ...#
.........#


You could see 3 kobolds.

Vanquished Creatures
  Sigmund (D:4)
  An orc warrior (D:4)
  A black bear (D:5)
  An ogre (D:3)
  A phantom (D:5)
  A bullfrog (D:6)
  A kobold brigand (D:6)
  4 iguanas
  A scorpion zombie (D:4)
  11 adders
  A white imp (D:5)
  An adder zombie (D:4)
  2 worms (D:2)
  3 dart slugs
  13 orcs
  6 bats
  6 endoplasms
  6 giant cockroaches
  10 goblins
  10 hobgoblins
  4 jackals (D:1)
  5 quokkas
  14 ball pythons
  5 frilled lizards
  5 kobolds
  4 rats
118 creatures vanquished.

Vanquished Creatures (others)
  65 foxfires
65 creatures vanquished.

Grand Total: 183 creatures vanquished

Notes
Turn   | Place    | Note
-------+----------+-------------------------------------------
     0 | D:1      | serber55 the Octopode Fire Elementalist began the quest for
                  | the Orb.
     0 | D:1      | Reached XP level 1. HP: 11/11 MP: 3/3
   380 | D:1      | Reached XP level 2. HP: 18/18 MP: 1/5
   394 | D:1      | Learned a level 2 spell: Scorch
   607 | D:1      | Reached XP level 3. HP: 22/22 MP: 0/6
  1280 | D:2      | Reached skill level 1 in Fighting
  1449 | D:2      | Reached XP level 4. HP: 28/28 MP: 4/7
  1453 | D:2      | Learned a level 3 spell: Volatile Blastmotes
  2208 | D:3      | Found an ornate altar of the Wu Jian Council.
  2303 | D:3      | Reached skill level 4 in Fire Magic
  2461 | D:3      | Reached XP level 5. HP: 20/33 MP: 1/8
  2658 | D:3      | Noticed an ogre
  2665 | D:3      | Killed an ogre
  2896 | D:3      | Found an ancient bone altar of Kikubaaqudgha.
  2921 | D:3      | Found a faded altar of an unknown god.
  2933 | D:3      | Found a sacrificial altar of Ru.
  2995 | D:3      | Found a sparkling altar of Nemelex Xobeh.
  3289 | D:4      | Reached XP level 6. HP: 39/39 MP: 8/10
  3489 | D:4      | Found a shimmering altar of Xom.
  3489 | D:4      | Found Meutyel's Weapon Shop.
  3491 | D:4      | Noticed an orc warrior
  3495 | D:4      | Bought a +1 falchion of venom for 148 gold pieces
  3579 | D:4      | Found a hazy altar of Hepliaklqana.
  3796 | D:4      | Noticed Sigmund
  3837 | D:4      | Killed Sigmund
  3838 | D:4      | Reached skill level 5 in Fire Magic
  3838 | D:4      | Reached XP level 7. HP: 38/45 MP: 0/11
  3992 | D:4      | Found a transporter.
  3997 | D:4      | Found a transporter.
  4033 | D:4      | Learned a level 4 spell: Flame Wave
  4133 | D:4      | Found a basalt altar of Yredelemnul.
  4417 | D:5      | Entered Level 5 of the Dungeon
  4647 | D:5      | Found a staircase to the Ecumenical Temple.
  4661 | Temple   | Entered the Ecumenical Temple
  4682 | Temple   | Became a worshipper of Gozag Ym Sagoz the Greedy
  4978 | D:5      | Reached XP level 8. HP: 34/52 MP: 3/13
  5255 | D:5      | Reached skill level 6 in Fire Magic
  5306 | D:5      | Learned a level 3 spell: Inner Flame
  5428 | D:5      | Found a shimmering blue altar of Sif Muna.
  5667 | D:6      | Identified a scroll of acquirement
  5667 | D:6      | Acquired 845 gold pieces
  5837 | D:6      | Engulfed by a cloud of flame

Illustrated notes

Levels and vault maps discovered:
D:1:      dpeg_arrival_three_bigger_balls, layout_basic, minmay_misc_feat_x,
          minmay_misc_feat_roman, minmay_indecisive_spiral
D:2:      layout_rooms, minmay_increasing_density
D:3:      kennysheep_six_static_rooms, layout_basic, kiku_gazebo_garden_becter,
          nicolae_wu_jian_immortal_techniques, nemelex_altar_shiori,
          nicolae_ru_the_path_less_chosen, hellmonk_ecumenical_altar_run_dry,
          palyth_stone_intersect
D:4:      layout_rooms, nzn_hepliaklqana_mist_gate,
          lemuel_zombie_altar_yredelemnul, gammafunk_temple_overflow_arena,
          serial_shops, shop, sigmund_army
D:5:      layout_basic, mainiacjoe_overflow_surrounded_room,
          minmay_temple_entry_ruins
D:6:      layout_gridville, evilmike_ruin_ashenzari, nicolae_overflow_squiral,
          uniq_prince_ribbit1, uniq_pikel
Temple:   nicolae_temple_superstar

Skill      XL: |  1  2  3  4  5  6  7  8 |
---------------+-------------------------+-----
Fighting       | 1 2 3 |  3.4
Fire Magic     | 4 5 6 |  6.1
Conjurations   | 2 3 |  3.5
Dodging        | 3 4 |  4.1
Spellcasting   | 3 |  3.7
Stealth        | |  2.6

Action                     |  1- 3 |  4- 6 |  7- 9 || total
---------------------------+-------+-------+-------++-------
  Melee: Unarmed           |     4 |       |       ||     4
         Tentacles         |     6 |     9 |     2 ||    17
         Constrict         |     8 |    16 |     7 ||    31
         Dagger            |    24 |    55 |       ||    79
         Falchion          |       |    10 |    25 ||    35
  Throw: Dart              |       |     5 |       ||     5
   Cast: Foxfire           |    21 |    23 |       ||    44
         Scorch            |    11 |    39 |    39 ||    89
         Volatile Blastmot |       |     1 |     3 ||     4
         Inner Flame       |       |       |     1 ||     1
  Evoke: Wand              |       |     1 |       ||     1
    Use: Potion            |       |     6 |       ||     6
         Scroll            |       |       |    11 ||    11
   Stab: Sleeping          |     3 |     8 |     2 ||    13
         Distracted        |     1 |       |       ||     1
 Armour: Skin              |     8 |    50 |    25 ||    83
  Dodge: Dodged            |    17 |    39 |    36 ||    92

Table legend: (Time is in decaauts)
 A = Elapsed time spent in this place.
 B = Non-inter-level travel time spent in this place.
 C = Inter-level travel time spent in this place.
 D = Time resting spent in this place.
 E = Time spent auto-exploring this place.
 F = Levels seen in this place.
 G = Mean time per level.
                   A        B        C        D        E       F      G
               +--------+--------+--------+--------+--------+-----+--------+
         Total |   5826 |   5593 |    233 |   1106 |   3567 |   7 |  832.3 |
       Dungeon |   5791 |   5590 |    201 |   1106 |   3567 |   6 |  965.2 |
        Temple |     34 |      2 |     32 |      0 |      0 |   1 |   34.0 |
               +--------+--------+--------+--------+--------+-----+--------+

Top non-repeatable levels by time:
     D:1: 1266 daAuts
     D:5: 1214 daAuts
     D:3: 1128 daAuts
     D:4: 1117 daAuts
     D:2: 888 daAuts
     D:6: 175 daAuts
  Temple: 34 daAuts
